 Dungeon Crawl Stone Soup version 0.31.0-32-g396128a36d (webtiles) character file.

Game seed: 17543365020844409817

66 spaghetti the Slasher (level 4, -1/42 HPs)
             Began as a Naga Berserker on Mar 22, 2024.
             Was a Follower of Trog.
             Slain by a gnoll
             ... wielding a +0 halberd
              (5 damage)
             ... on level 2 of the Dungeon.
             The game lasted 00:01:11 (1340 turns).

spaghetti the Slasher (Naga Berserker)              Turns: 1340, Time: 00:01:12

Health: -1/42      AC:  2    Str: 19    XL:     4   Next: 15%
Magic:  4/4        EV: 10    Int:  7    God:    Trog [*.....]
Gold:   101        SH:  0    Dex: 13    Spells: 3/3 levels left

rFire   . . .        a - +0 falchion
rCold   . . .        (no shield)
rNeg    . . .        b - +0 animal skin
rPois   +            (no helmet)
rElec   .            (no cloak)
rCorr   .            (no gloves)
SInv    +            (no barding)
Will    .....        (no amulet)
Stlth   +            (no ring)
HPRegen 0.27/turn    (no ring)
MPRegen 0.09/turn

%: no passive effects
@: brilliant, on berserk cooldown, slowed, very slow
A: AC +1, large, see invisible, deformed body, poison resistance, slowness 2,
spit poison 1, naga tail 1
a: Spit Poison, Renounce Religion, Berserk


You were on level 2 of the Dungeon.
You worshipped Trog.
Trog was aware of your devotion.
You visited 1 branch of the dungeon, and saw 2 of its levels.

You collected 101 gold pieces.

Inventory:

Hand Weapons
 a - a +0 falchion (weapon)
Armour
 b - a +0 animal skin (worn)
Scrolls
 c - a scroll of fear {unknown}
 d - a scroll of teleportation {unknown}
 f - a scroll of vulnerability {unknown}
 i - a scroll of silence {unknown}
Potions
 e - a potion of heal wounds
 g - 2 potions of curing


   Skills:
 - Level 3.0 Fighting
 + Level 4.9 Long Blades
 - Level 1.5 Armour
 - Level 1.5 Dodging


You had 3 spell levels left.
You didn't know any spells.
Your spell library was empty.

Dungeon Overview and Level Annotations

Branches:
Dungeon (2/15)

Altars:


Innate Abilities, Weirdness & Mutations

Your serpentine skin is tough. (AC +1)
You have supernaturally acute eyesight. (SInv)
Armour fits poorly on your strangely shaped body.
Your system is resistant to poisons. (rPois)
You cover ground very slowly.
You can spit poison.
You have a snake-like lower body.


Message History

A gnoll comes into view. It is wielding a +0 halberd.
You closely miss Terence.
The gnoll shouts!
You hear a shout!
You hit Terence.
Terence is lightly wounded.
Terence barely misses you.
You hit Terence.
Terence is moderately wounded.
Terence hits you with a +0 flail.
You barely miss Terence.
Terence is moderately wounded.
You have got your breath back.
Terence hits you with a +0 flail.
A gnoll comes into view. It is wielding a +0 flail.
You hit Terence.
Terence is heavily wounded.
You barely miss Terence.
Terence is heavily wounded.
Terence hits you with a +0 flail.
The gnoll hits you from afar with a +0 spear!
You closely miss Terence.
Terence is heavily wounded.
Terence hits you with a +0 flail. The gnoll closely misses you.
The gnoll barely misses you.
You slash Terence!
Terence is almost dead.
You slash Terence!
You kill Terence!
Trog accepts your kill.
The gnoll hits you from afar with a +0 halberd!
* * * LOW HITPOINT WARNING * * *
The gnoll closely misses you. The gnoll barely misses you.
You have reached level 4!
You feel agile.
Unknown command.
You are no longer berserk.
You are exhausted.
You feel yourself slow down. The gnoll attacks as it pursues you!
The gnoll hits you from afar with a +0 halberd.
You die...

##.####..##.#.......#
#).#......
.......>.......#.####
#.#.#.##.#
###.#######.#....#
#....)##.# ###.####
#.....[# #........#
.......# ###...##
#.#.##.### .##.##.# #...#
##...##.# .##.##.#
#...#####.....###.#
.##.##.######..<†.....##..
#.#
.##.##.........)@.....##..
..#
........................#.
...
................g)....#.#
###
.....########..g.g.......
.....# #....g..?..#.#
#...## #.......###.# #
#..## ##......# .# ##.#
#....... # ...# #......#


You could see 4 gnolls.

Vanquished Creatures
  Terence (D:2)
  An adder (D:2)
  A ribbon worm (D:2)
  A dart slug (D:1)
  A ball python (D:2)
  A bat (D:1)
  2 giant cockroaches
  4 goblins
  3 hobgoblins
  3 kobolds (D:1)
  A quokka (D:2)
  A frilled lizard (D:1)
  6 rats (D:1)
26 creatures vanquished.

Notes
Turn   | Place    | Note
-------+----------+-------------------------------------------
     0 | D:1      | spaghetti the Naga Berserker began the quest for the Orb.
     0 | D:1      | Reached XP level 1. HP: 21/21 MP: 1/1
   161 | D:1      | Reached XP level 2. HP: 28/28 MP: 2/2
   707 | D:1      | Reached skill level 4 in Long Blades
  1134 | D:2      | Reached XP level 3. HP: 34/34 MP: 3/3
  1324 | D:2      | Noticed Terence
  1339 | D:2      | Killed Terence
  1340 | D:2      | Reached XP level 4. HP: 6/42 MP: 4/4
  1340 | D:2      | Slain by a gnoll

Illustrated notes

Levels and vault maps discovered:
D:1:      dpeg_arrival_orchard, layout_basic, minmay_misc_feat_hallway
D:2:      layout_loops_cross, chequers_ecumenical_altar_simple_redux,
          uniq_terence

Skill      XL: |  1  2 |
---------------+-------+-----
Long Blades    | 4 |  4.9
Fighting       | |  3.0
Armour         | |  1.5
Dodging        | |  1.5

Action                     |  1- 3 |  4- 6 || total
---------------------------+-------+-------++-------
  Melee: Falchion          |    98 |       ||    98
 Invoke: Berserk           |     2 |       ||     2
Ability: Spit Poison       |     1 |       ||     1
    Use: Potion            |     5 |       ||     5
         Scroll            |     1 |       ||     1
 Armour: Animal skin       |    70 |     1 ||    71
  Dodge: Dodged            |    53 |       ||    53
